 Dungeon Crawl Stone Soup version 0.20.0-15-g7f486f2 (webtiles) character file.

25791 Peloso the Carver (level 12, -1/110 HPs)
             Began as a Minotaur Fighter on June 24, 2017.
             Was the Champion of Okawaru.
             Slain by a starcursed mass (8 damage)
             ... on level 2 of the Abyss.
             The game lasted 00:45:19 (12713 turns).

Peloso the Carver (Minotaur Fighter)               Turns: 12713, Time: 00:45:20

Health: -1/110     AC: 23    Str: 25    XL:     12   Next: 92%
Magic:  11/12      EV:  9    Int:  1    God:    Okawaru [******]
Gold:   431        SH: 13    Dex: 11    Spells: 11/11 levels left

rFire    . . .     SeeInvis .   D - +3 falchion (freeze)
rCold    . . .     Gourm    .   c - +0 shield
rNeg     . . .     Faith    .   z - +0 plate armour
rPois    +         Spirit   .   F - +2 hat
rElec    .         Reflect  .   B - scarf {cloud immunity}
rCorr    +         Harm     .   j - +2 pair of gloves
MR       .....                  o - +1 pair of boots
Stlth    ..........             (no amulet)
Regen    0.3/turn               g - ring of poison resistance
MPRegen  0.2/turn               O - ring of resist corrosion

@: no status effects
A: retaliatory headbutt, horns 2, [blurry vision 2], [dopey 2], [no potion heal
2]
a: Heroism, Finesse, Renounce Religion


You were on level 2 of the Abyss.
You worshipped Okawaru.
Okawaru was exalted by your worship.
You were very hungry.

You visited 2 branches of the dungeon, and saw 14 of its levels.
You visited the Abyss 1 time.

You collected 786 gold pieces.
You spent 355 gold pieces at shops.

Inventory:

Hand Weapons
 a - a +1 long sword of draining
 D - a +3 falchion of freezing (weapon)
 L - the +6 whip "Balaujopp" {slash, -Tele rF+++ MR- Str+4, unknown}
   (You found it on level 2 of the Abyss)

   It inflicts extra damage upon your enemies.
   It affects your strength (+4).
   It renders you almost immune to fire.
   It affects your resistance to hostile enchantments.
   It prevents most forms of teleportation.
Armour
 c - a +0 shield (worn)
 j - a +2 pair of gloves (worn)
 o - a +1 pair of boots (worn)
 q - the scarf of Orthodoxy {MP+9}
   (Okawaru gifted it to you on level 13 of the Dungeon)

   It affects your magic capacity (+9).
 z - a +0 plate armour (worn)
 B - a scarf of cloud immunity (worn)
 F - a +2 hat (worn)
Jewellery
 g - a ring of poison resistance (left hand)
 l - an uncursed amulet of rage
 s - an uncursed amulet of harm
 v - an uncursed ring of protection from fire
 J - an uncursed ring of protection from cold
 O - a ring of resist corrosion (right hand)
Wands
 y - a wand of iceblast (7/15)
 E - a wand of random effects (20/48)
 G - a wand of acid (5/15)
 N - a wand of disintegration (15/24)
Scrolls
 b - a scroll of magic mapping {unknown}
 k - a scroll of fear
 m - 2 scrolls of enchant armour
 p - a scroll of fog {unknown}
 w - a scroll of remove curse
 x - 2 scrolls of enchant weapon
 M - a scroll of vulnerability {unknown}
Potions
 d - 4 potions of might
 e - 6 potions of curing
 h - 3 potions of haste
 u - 4 potions of ambrosia
 A - 2 potions of resistance
 H - a potion of cancellation {unknown}
 I - a potion of flight {unknown}
 K - a potion of agility
 P - a potion of invisibility {unknown}
Comestibles
 f - 5 bread rations
 i - 14 meat rations
 n - 3 fruits
 r - 4 royal jellies


   Skills:
 + Level 11.1 Fighting
 + Level 14.5 Long Blades
 + Level 12.4 Armour
 + Level 3.5 Dodging
 + Level 2.1 Stealth
 + Level 13.2 Shields
 + Level 1.8 Invocations
 + Level 1.3 Evocations


You had 11 spell levels left.
You didn't know any spells.

Dungeon Overview and Level Annotations

Branches:
Dungeon (13/15)            Temple (1/1) D:4            Lair (0/6) D:10
    Orc (0/2) D:10
 Vaults: D:13-14

Altars:
Ashenzari
Cheibriados
Dithmenos
Elyvilon
Fedhas
Gozag
Hepliaklqana
Kikubaaqudgha
Makhleb
Nemelex Xobeh
Okawaru
Qazlal
Ru
Sif Muna
Trog
Uskayaw
Vehumet
Xom
Yredelemnul
Zin
The Shining One

Shops:
D:12 **!}!   D:13 :


Innate Abilities, Weirdness & Mutations

You reflexively headbutt those who attack you in melee.
You have a pair of horns on your head.
[Scrolls take you longer to read.]
[You are very dopey. (Int -4)]
[Potions are poor at restoring your health.]


Message History

The starcursed mass shudders and withdraws towards its neighbour. x2
The starcursed mass engulfs you but does no damage. x2
Unknown command.
You hit the starcursed mass. You freeze the starcursed mass.
You headbutt the starcursed mass.
The starcursed mass is almost destroyed.
The starcursed mass shudders and withdraws towards its neighbour. x2
Unknown command.
You hit the starcursed mass but do no damage.
The starcursed mass is almost destroyed.
You block the starcursed mass's attack. x2
You are feeling very hungry.
You hit the starcursed mass. You freeze the starcursed mass.
You destroy the starcursed mass!
Okawaru is honoured by your kill.
You feel the corruption within you wane somewhat.
Your vision sharpens a little.
You feel stronger.
You feel more energetic.
The substance of the Abyss twists violently, and a gateway leading out appears!
The starcursed mass engulfs you!
You die...

.#.## .#.. #...
... .. c.# ## ..
.###x##....#.
#.#.c..#.#... .
#..#Xp##..##. .
.#.(.X@3....#.#
#.....#......#
....###.......#.
...#.
.......#...
.....# #......#
##....##........
.# #....###..#.
.. # ....#.#.# .
....#..#..#.#


You could see 2 starcursed masses, an ironheart preserver, 2 yaktaurs, a
worldbinder and a sixfirhy.

Vanquished Creatures
  A bone dragon (Abyss:2)
  A starcursed mass (Abyss:2)
  Harold (D:11)
  3 death yaks (D:10)
  A thrashing horror (Abyss:2)
  A titan skeleton (Abyss:2)
  A wretched star (Abyss:2)
  A wizard (D:13)
  A necromancer (D:13)
  3 ugly things
  A worldbinder (Abyss:2)
  A manticore (D:12)
  A tengu conjurer (D:13)
  An ancient zyme (Abyss:2)
  3 trolls
  A red devil (Abyss:2)
  A meliai (shapeshifter) (D:13)
  2 large abominations (Abyss:2)
  2 raiju (Abyss:2)
  6 hippogriffs
  A spriggan (D:13)
  3 wyverns
  9 yaks
  11 humans (D:13)
  A chaos spawn (Abyss:2)
  3 hungry ghosts
  A water moccasin (D:9)
  A porcupine (D:10)
  A swamp drake (D:10)
  7 orc warriors
  A black bear (D:8)
  6 sky beasts
  6 ice beasts
  An eye of draining (D:12)
  2 phantoms
  7 ogres
  11 centaurs
  3 necrophages
  3 big kobolds
  8 bullfrogs
  2 gnoll sergeants
  2 wyvern skeletons
  3 scorpions
  4 killer bees (D:11)
  9 wights
  6 howler monkeys
  7 crimson imps
  2 centaur zombies
  5 hounds
  2 bullfrog skeletons
  Crazy Yiuf (D:2)
  2 bullfrog zombies
  2 centaur skeletons
  2 jellies (D:7)
  12 orc wizards
  7 orc priests
  3 iguanas
  7 worker ants
  2 killer bee zombies
  A hound skeleton (D:7)
  A worker ant zombie (D:7)
  2 howler monkey zombies
  2 howler monkey skeletons
  11 gnolls
  11 adders
  4 shadow imps
  An ufetubus (Abyss:2)
  An ooze (D:4)
  2 adder zombies (D:9)
  An adder skeleton (D:7)
  5 worms
  A dart slug (D:2)
  7 leopard geckos
  45 orcs
  A ball python (D:3)
  2 giant cockroaches
  6 goblins
  13 hobgoblins
  24 jackals
  27 kobolds
  2 quokkas
  3 bats
  4 frilled lizards
  A hobgoblin zombie (D:8)
  A jackal zombie (D:7)
  2 kobold zombies (D:8)
  2 orc skeletons (D:8)
  A quokka zombie (D:5)
  6 rats
389 creatures vanquished.

Notes
Turn   | Place    | Note
-------+----------+-------------------------------------------
     0 | D:1      | Peloso the Minotaur Fighter began the quest for the Orb.
     0 | D:1      | Reached XP level 1. HP: 19/19 MP: 0/0
    80 | D:1      | Reached XP level 2. HP: 22/27 MP: 1/1
   511 | D:2      | Reached XP level 3. HP: 31/33 MP: 2/2
   756 | D:2      | Found a runed door.
   849 | D:2      | Reached skill level 3 in Long Blades
  1083 | D:2      | Noticed Crazy Yiuf
  1087 | D:2      | Killed Crazy Yiuf
  1087 | D:2      | Reached XP level 4. HP: 40/40 MP: 3/3
  1244 | D:3      | Reached skill level 4 in Long Blades
  1440 | D:3      | Reached XP level 5. HP: 40/47 MP: 4/4
  1800 | D:3      | Found an opulent altar of Gozag.
  1800 | D:3      | Found an ancient bone altar of Kikubaaqudgha.
  2141 | D:4      | Reached skill level 5 in Long Blades
  2295 | D:4      | Found a staircase to the Ecumenical Temple.
  2301 | Temple   | Entered the Ecumenical Temple
  2353 | Temple   | Became a worshipper of Warmaster Okawaru
  2698 | D:5      | Entered Level 5 of the Dungeon
  2714 | D:5      | Reached skill level 1 in Dodging
  2714 | D:5      | Reached XP level 6. HP: 53/53 MP: 5/5
  2761 | D:5      | Reached skill level 5 in Armour
  2839 | D:5      | Noticed a sky beast
  2839 | D:5      | Noticed an ice beast
  2847 | D:5      | Killed a sky beast
  2847 | D:5      | Reached skill level 5 in Shields
  2857 | D:5      | Killed an ice beast
  2872 | D:5      | Found a hazy altar of Hepliaklqana.
  2994 | D:5      | Reached skill level 6 in Long Blades
  2994 | D:5      | Reached XP level 7. HP: 60/60 MP: 6/6
  3080 | D:5      | Reached * piety under Okawaru
  3080 | D:5      | Reached skill level 5 in Fighting
  3485 | D:6      | Reached skill level 7 in Long Blades
  4037 | D:6      | Reached XP level 8. HP: 68/68 MP: 7/7
  4085 | D:6      | Reached ** piety under Okawaru
  4161 | D:6      | Reached skill level 8 in Long Blades
  4752 | D:7      | Reached skill level 9 in Long Blades
  5028 | D:7      | Reached *** piety under Okawaru
  5038 | D:7      | Reached XP level 9. HP: 78/78 MP: 8/8
  5049 | D:7      | Found a radiant altar of Vehumet.
  5819 | D:7      | Reached skill level 10 in Long Blades
  5870 | D:8      | Found a sparkling altar of Nemelex Xobeh.
  5913 | D:8      | Found a shadowy altar of Dithmenos.
  5958 | D:8      | Reached **** piety under Okawaru
  5983 | D:8      | Found a stormy altar of Qazlal.
  6127 | D:8      | Found a glowing golden altar of the Shining One.
  6279 | D:8      | Found a burning altar of Makhleb.
  6520 | D:8      | Found a bloodstained altar of Trog.
  6520 | D:8      | Noticed a two-headed ogre
  6740 | D:9      | You fall through a shaft for 2 floors!
  6789 | D:10     | Entered Level 10 of the Dungeon
  6874 | D:10     | Noticed a death yak
  6876 | D:10     | Noticed a death yak
  6887 | D:10     | Noticed a death yak
  6898 | D:10     | Killed a death yak
  6898 | D:10     | Reached skill level 11 in Long Blades
  6898 | D:10     | Reached skill level 1 in Evocations
  6898 | D:10     | Reached XP level 10. HP: 36/85 MP: 6/9
  7370 | D:9      | Found a shattered altar of Ashenzari.
  7524 | D:9      | Reached ***** piety under Okawaru
  7810 | D:9      | Found a sacrificial altar of Ru.
  8676 | D:10     | Found a staircase to the Lair.
  8706 | D:10     | Killed a death yak
  8706 | D:10     | Reached skill level 10 in Armour
  8723 | D:10     | Killed a death yak
  8723 | D:10     | Reached skill level 12 in Long Blades
  8723 | D:10     | Reached skill level 10 in Shields
  8893 | D:10     | Reached skill level 1 in Invocations
  8893 | D:10     | Reached XP level 11. HP: 89/94 MP: 11/11
  9192 | D:10     | Found a staircase to the Orcish Mines.
  9309 | D:10     | Reached skill level 1 in Stealth
  9441 | D:11     | Reached ****** piety under Okawaru
  9625 | D:11     | Noticed a white ugly thing
  9637 | D:11     | Killed a white ugly thing
  9677 | D:11     | Noticed Harold
  9695 | D:11     | Killed Harold
  9695 | D:11     | Received a gift from Okawaru
  9951 | D:12     | Found Zaeps's General Store.
 10159 | D:12     | Bought a scroll of blinking for 112 gold pieces
 10237 | D:12     | Found Keutys's Gadget Shop.
 10243 | D:12     | Reached skill level 13 in Long Blades
 10336 | D:12     | Found Inumao Vixke's Distillery.
 10339 | D:12     | Bought a potion of might for 44 gold pieces
 10339 | D:12     | Bought a potion of agility for 44 gold pieces
 10398 | D:12     | Noticed a white ugly thing
 10423 | D:12     | Killed a white ugly thing
 10643 | D:12     | Found Vyss's Distillery.
 10662 | D:12     | Found Xareidaulo's Assorted Antiques.
 10670 | D:12     | Bought an agate ring for 155 gold pieces
 10962 | D:13     | Found Nuics's Book Shoppe.
 11118 | D:13     | Reached skill level 10 in Fighting
 11259 | D:13     | Noticed a necromancer
 11308 | D:13     | Killed a necromancer
 11308 | D:13     | Reached XP level 12. HP: 39/105 MP: 12/12
 11315 | D:13     | Received a gift from Okawaru
 11318 | D:13     | Got a brightly glowing scarf {god gift}
 11329 | D:13     | Identified the scarf of Orthodoxy {MP+9} (Okawaru gifted it to you on level 13 of the Dungeon)
 11406 | D:13     | Noticed a vault guard
 12107 | D:13     | Reached skill level 14 in Long Blades
 12265 | D:13     | Cast into level 2 of the Abyss (a wizard)
 12272 | Abyss:2  | Got a brightly glowing whip
 12361 | Abyss:2  | Noticed a starcursed mass
 12390 | Abyss:2  | Found a corrupted altar of Lugonu.
 12488 | Abyss:2  | Noticed a bone dragon
 12529 | Abyss:2  | Killed a bone dragon
 12648 | Abyss:2  | HP: 2/108 [wretched star/orb of energy (28)]
 12689 | Abyss:2  | Noticed a starcursed mass
 12708 | Abyss:2  | Noticed an ironheart preserver
 12713 | Abyss:2  | Killed a starcursed mass
 12713 | Abyss:2  | Slain by a starcursed mass

Skill      XL: |  1  2  3  4  5  6  7  8  9 10 11 12 |
---------------+-------------------------------------+-----
Armour         | 4 5 6 7 8 10 11 12 | 12.4
Fighting       | 4 5 6 7 8 10 11 | 11.1
Long Blades    | 3 4 5 6 7 9 11 12 13 14 | 14.5
Shields        | 4 5 6 7 8 10 11 13 | 13.2
Dodging        | 1 2 3 |  3.5
Evocations     | 1 |  1.3
Invocations    | 1 |  1.8
Stealth        | 2 |  2.1

Action                   |  1- 3 |  4- 6 |  7- 9 | 10-12 || total
-------------------------+-------+-------+-------+-------++-------
Melee: Long sword        |    67 |   146 |   415 |       ||   628
       Headbutt          |     9 |    27 |   100 |   256 ||   392
       Falchion          |       |       |    67 |   930 ||   997
Invok: Heroism           |       |       |     3 |    10 ||    13
Evoke: Wand              |       |       |     8 |       ||     8
  Use: Scroll            |       |     9 |     2 |    18 ||    29
       Potion            |       |       |       |     5 ||     5
 Stab: Confused          |       |       |       |     3 ||     3
  Eat: Chunk             |     1 |     6 |    14 |    18 ||    39
       Fruit             |       |       |     3 |     3 ||     6
       Royal jelly       |       |       |     1 |       ||     1
Armor: Scale mail        |    33 |       |       |       ||    33
       Chain mail        |       |    67 |    78 |       ||   145
       Plate armour      |       |       |   220 |   388 ||   608
Dodge: Dodged            |    30 |    33 |   119 |   232 ||   414
Block: Shield            |    35 |    78 |   254 |   454 ||   821
       Rpst.: Long sword |     9 |     6 |    35 |       ||    50
       Falchion          |       |       |     4 |    53 ||    57
